Gangsters vs Saguenéens
Created - 10 avril 2015 at 18:51
Goals
|
| Gangsters |
0 |
2 |
1 |
0 |
2 |
4 |
| Saguenéens |
1 |
1 |
1 |
0 |
1 |
3 |
|
Shots
|
| Gangsters |
11 |
11 |
15 |
1 |
4 |
38 |
| Saguenéens |
11 |
17 |
8 |
0 |
4 |
36 |
|
1st period
1. Saguenéens , Evgeny Dadonov 37 (Martin Hanzal) at 16:13 (PP)
Penalties :
Bryan Young (Bro) for Charging (Minor) at 15:54, Ryan Jones (Bro) for Tripping (Minor) at 19:55
2nd period
2. Gangsters , Shaun Heska 5 (Maxime Sauvé, Mikko Lehtonen) at 13:35
3. Saguenéens , Martin Hanzal 48 (David Moss, Derek Morris) at 14:20 (SH)
4. Gangsters , Chris Bourque 38 (Michael Sdao, Ryan Keller) at 17:30
Penalties :
Nick Foligno (Bro) for Boarding (Minor) at 8:10, Wayne Simmonds (Chi) for Holding (Minor) at 14:10, Ryan Keller (Bro) for Hooking (Minor) at 17:46
3rd period
5. Saguenéens , Wayne Simmonds 12 (Kevin Marshall, Martin Hanzal) at 7:14
6. Gangsters , Artem Anisimov 18 (Ryan Jones) at 11:10
Penalties :
Dave Dziurzynski (Bro) for Interference (Minor) at 2:30, Ryan Jones (Bro) for Tripping (Minor) at 11:35
Overtime #1
No Goal
Penalties :
No Penalty
Shootout
Penalty Shot by Chris Bourque for Gangsters - Stopped by Al Montoya
Penalty Shot by Wayne Simmonds for Saguenéens - Stopped by David LeNeveu
Penalty Shot by Ryan Keller for Gangsters - Goal!
Penalty Shot by Evgeny Dadonov for Saguenéens - Goal!
Penalty Shot by Nick Foligno for Gangsters - Stopped by Al Montoya
Penalty Shot by Martin Hanzal for Saguenéens - Stopped by David LeNeveu
Penalty Shot by Alexandre Bolduc for Gangsters - Goal!
Penalty Shot by Kyle Brodziak for Saguenéens - Stopped by David LeNeveu
Penalties :
No Penalty
Goalie Stats
David LeNeveu (Bro), 33 saves from 36 shots - (0,917), W, 26-19-9, 65:00 minutes
Al Montoya (Chi), 35 saves from 38 shots - (0,921), OTL, 35-18-8, 65:00 minutes
Players Stats for Gangsters
Player Name G A P +/- PIM S H SB GA TA FO MP PP MP PK MP
------------------------------------------------------------------------------------
Alexandre Bolduc 0 0 0 -1 0 0 2 1 0 1 15/32 20:48 1:10 3:37
Artem Anisimov 1 0 1 1 0 2 1 0 0 0 5/10 12:36 0:49 0:00
Ben Holmstrom 0 0 0 0 0 0 0 0 0 0 0/0 0:00 0:00 0:00
Brett Ponich 0 0 0 0 0 0 1 0 0 0 0/0 6:41 0:00 0:00
Brock Bradford 0 0 0 0 0 2 0 0 2 0 2/3 14:38 0:00 1:48
Bryan Young 0 0 0 -2 2 1 0 2 1 3 0/0 25:17 1:25 5:55
Chris Bourque 1 0 1 -1 0 6 0 0 0 0 7/11 23:33 1:10 5:45
Colten Teubert 0 0 0 2 0 3 3 3 0 0 0/0 19:28 0:34 4:00
Curtis McKenzie 0 0 0 0 0 0 0 0 0 0 0/0 2:59 0:00 1:54
Dave Dziurzynski 0 0 0 0 2 1 0 1 0 0 0/1 11:39 0:00 0:00
Gabriel Dumont 0 0 0 0 0 0 0 0 0 0 0/0 0:11 0:00 0:00
Gustav Nyquist 0 0 0 0 0 4 0 1 2 0 0/0 13:09 0:00 0:00
Luke Gazdic 0 0 0 1 0 0 0 0 0 0 0/0 8:56 0:00 0:00
Matt Delahey 0 0 0 1 0 0 1 0 0 1 0/0 13:47 0:00 0:00
Maxime Sauvé 0 1 1 1 0 0 1 0 1 0 1/3 8:56 0:00 0:00
Michael Sdao 0 1 1 1 0 1 5 1 0 0 0/0 14:49 0:00 0:19
Mikko Lehtonen 0 1 1 1 0 1 3 0 0 0 0/0 10:28 0:00 0:00
Nathan Moon 0 0 0 0 0 0 0 0 0 0 0/0 0:00 0:00 0:00
Nick Foligno 0 0 0 1 2 2 2 0 1 1 0/1 16:29 0:49 2:37
Phil McRae 0 0 0 0 0 0 0 0 0 0 0/0 0:00 0:00 0:00
Richard Panik 0 0 0 0 0 0 0 0 0 0 0/0 0:09 0:00 0:00
Ryan Jones 0 1 1 1 4 7 1 0 0 0 1/1 12:36 0:49 0:00
Ryan Keller 0 1 1 -1 2 5 1 2 0 1 1/5 22:34 1:10 4:47
Shaun Heska 1 0 1 2 0 1 0 0 0 0 0/0 19:28 0:34 4:00
Ville Koistinen 0 0 0 -2 0 2 3 2 2 2 0/0 30:29 1:25 6:14
Players Stats for Saguenéens
Player Name G A P +/- PIM S H SB GA TA FO MP PP MP PK MP
------------------------------------------------------------------------------------
Brandon Burlon 0 0 0 -1 0 1 0 0 0 0 0/0 12:07 0:00 0:00
Brian Flynn 0 0 0 0 0 0 0 1 0 0 0/3 11:26 0:00 0:00
David Laliberté 0 0 0 0 0 0 1 0 0 0 0/1 12:50 0:00 0:55
David Moss 0 1 1 0 0 3 1 0 1 1 0/1 17:55 4:33 1:04
Derek Morris 0 1 1 1 0 4 1 3 3 2 0/0 30:10 6:13 0:58
Eric Tangradi 0 0 0 0 0 1 1 0 0 0 0/0 7:44 0:00 0:00
Evgeny Dadonov 1 0 1 -1 0 7 1 1 1 0 0/1 22:24 5:34 0:00
Evgeny Grachev 0 0 0 0 0 0 1 0 1 0 1/1 9:16 0:07 0:00
Kevin Marshall 0 1 1 1 0 0 1 3 0 2 0/0 29:14 6:13 0:58
Kris Russell 0 0 0 -1 0 2 1 4 0 0 0/0 23:45 4:01 1:01
Kyle Brodziak 0 0 0 -1 0 3 2 0 0 1 8/14 19:21 4:33 0:55
Marcus Johansson 0 0 0 -1 0 0 0 2 1 1 0/0 18:03 4:33 0:00
Martin Hanzal 1 2 3 0 0 7 5 0 1 1 23/42 24:37 5:34 1:04
Mike Sauer 0 0 0 -1 0 2 0 1 0 1 0/0 13:28 0:00 1:01
Philip Larsen 0 0 0 -1 0 0 1 0 0 0 0/0 21:16 4:01 0:00
Rhett Rakhshani 0 0 0 0 0 1 0 0 0 0 0/0 7:28 0:00 0:00
Tim Kennedy 0 0 0 0 0 1 0 1 0 0 0/0 13:24 0:13 0:00
Wayne Simmonds 1 0 1 -1 2 4 2 0 1 0 3/4 23:32 5:35 0:00
3 Stars
1 - Martin Hanzal (Chi)
2 - Shaun Heska (Bro)
3 - Michael Sdao (Bro)
Power Play
Gangsters - 0 on 1 Attempt(s) - 0,00%
Saguenéens - 1 on 6 Attempt(s) - 16,67%
Penalty Kill
Gangsters - 5 on 6 Attempt(s) - 83,33%
- Score 0 goal in Penalty Kill
Saguenéens - 1 on 1 Attempt(s) - 100,00%
- Score 1 goal in Penalty Kill
Team Stat
Gangsters - Hits : 24 - Faceoff Wins : 32 - Blocked Shots : 13 - Penalty Minutes : 12
Saguenéens - Hits : 18 - Faceoff Wins : 35 - Blocked Shots : 16 - Penalty Minutes : 2
Official
Referees : McCreary Bill and Furlatt Eric
Linesman : Mark Shewchyk and Mark Pare
Game Notes
No Game Note
Finance
Level 1 -- Attendance: 1486 (74,30%) -- Ticket Income 59 440 $
Level 2 -- Attendance: 742 (74,20%) -- Ticket Income 14 840 $
Total Attendance: 2228 (74,27%)
Total Ticket Income: 74 280 $
Other Income: 3 714 $
Total Income: 77 994 $
Gangsters
5 vs 5 Forward
Center Left Wing Right Wing Time % Phy DF OF
1 Alexandre Bolduc Chris Bourque Ryan Keller 40 1 2 2
2 Artem Anisimov Nick Foligno Ryan Jones 30 1 2 2
3 Brock Bradford Dave Dziurzynski Gustav Nyquist 20 1 2 2
4 Maxime Sauvé Luke Gazdic Mikko Lehtonen 10 1 2 2
5 vs 5 Defense
Defense Defense Time % Phy DF OF
1 Ville Koistinen Bryan Young 40 1 2 2
2 Shaun Heska Colten Teubert 30 1 2 2
3 Matt Delahey Michael Sdao 20 1 2 2
4 Brett Ponich Ville Koistinen 10 1 2 2
PowerPlay Forward
Center Left Wing Right Wing Time % Phy DF OF
1 Alexandre Bolduc Chris Bourque Ryan Keller 60 1 2 2
2 Artem Anisimov Nick Foligno Ryan Jones 40 1 2 2
PowerPlay Defense
Defense Defense Time % Phy DF OF
1 Ville Koistinen Bryan Young 60 1 2 2
2 Shaun Heska Colten Teubert 40 1 2 2
Penalty Kill 4 Players Forward
Center Wing Time % Phy DF OF
1 Chris Bourque Ryan Keller 60 1 2 2
2 Nick Foligno Alexandre Bolduc 40 1 2 2
Penalty Kill 4 Players Defense
Defense Defense Time % Phy DF OF
1 Ville Koistinen Bryan Young 60 1 2 2
2 Shaun Heska Colten Teubert 40 1 2 2
Penalty Kill - 3 Players Forward
Forward Time % Phy DF OF
1 Chris Bourque 60 1 2 2
2 Ryan Keller 40 1 2 2
Penalty Kill - 3 Players Defense
Defense Defense Time % Phy DF OF
1 Ville Koistinen Bryan Young 60 1 2 2
2 Shaun Heska Colten Teubert 40 1 2 2
4 vs 4 Forward
Center Wing Time % Phy DF OF
1 Chris Bourque Ryan Keller 60 1 2 2
2 Nick Foligno Alexandre Bolduc 40 1 2 2
4 vs 4 Defense
Defense Defense Time % Phy DF OF
1 Ville Koistinen Bryan Young 60 1 2 2
2 Shaun Heska Colten Teubert 40 1 2 2
Last Minutes Offensive
Center Left Wing Right Wing Defense Defense
Alexandre Bolduc Chris Bourque Ryan Keller Ville Koistinen Bryan Young
Last Minutes Defensive
Center Left Wing Right Wing Defense Defense
Alexandre Bolduc Chris Bourque Ryan Keller Ville Koistinen Bryan Young
Goaltenders
Starting : David LeNeveu
Backup : Dustin Tokarski
Extra Forwards
Normal : Gustav Nyquist, Mikko Lehtonen, Brock Bradford - PP : Gustav Nyquist, Mikko Lehtonen - PK : Brock Bradford
Extra Defensemen
Normal : Matt Delahey, Michael Sdao, Brett Ponich - PP : Matt Delahey - PK : Michael Sdao, Brett Ponich
Penalty Shots
Chris Bourque, Ryan Keller, Nick Foligno, Alexandre Bolduc, Ryan Jones
Saguenéens
5 vs 5 Forward
Center Left Wing Right Wing Time % Phy DF OF
1 Martin Hanzal Evgeny Dadonov Wayne Simmonds 40 1 2 2
2 Kyle Brodziak Marcus Johansson David Moss 30 1 2 2
3 Brian Flynn Tim Kennedy David Laliberté 20 1 2 2
4 Evgeny Grachev Eric Tangradi Rhett Rakhshani 10 1 2 2
5 vs 5 Defense
Defense Defense Time % Phy DF OF
1 Derek Morris Kevin Marshall 40 1 2 2
2 Kris Russell Philip Larsen 32 1 2 2
3 Mike Sauer Brandon Burlon 20 1 2 2
4 Kris Russell Derek Morris 8 1 2 2
PowerPlay Forward
Center Left Wing Right Wing Time % Phy DF OF
1 Martin Hanzal Evgeny Dadonov Wayne Simmonds 60 1 2 2
2 Kyle Brodziak Marcus Johansson David Moss 40 1 2 2
PowerPlay Defense
Defense Defense Time % Phy DF OF
1 Derek Morris Kevin Marshall 60 1 2 2
2 Kris Russell Philip Larsen 40 1 2 2
Penalty Kill 4 Players Forward
Center Wing Time % Phy DF OF
1 Martin Hanzal David Moss 50 1 2 2
2 Kyle Brodziak David Laliberté 50 1 2 2
Penalty Kill 4 Players Defense
Defense Defense Time % Phy DF OF
1 Derek Morris Kevin Marshall 50 1 2 2
2 Kris Russell Mike Sauer 50 1 2 2
Penalty Kill - 3 Players Forward
Forward Time % Phy DF OF
1 David Moss 50 1 3 1
2 Kyle Brodziak 50 1 3 1
Penalty Kill - 3 Players Defense
Defense Defense Time % Phy DF OF
1 Derek Morris Kevin Marshall 50 1 3 1
2 Kris Russell Mike Sauer 50 1 3 1
4 vs 4 Forward
Center Wing Time % Phy DF OF
1 Martin Hanzal Wayne Simmonds 60 1 2 2
2 Kyle Brodziak Evgeny Dadonov 40 1 2 2
4 vs 4 Defense
Defense Defense Time % Phy DF OF
1 Derek Morris Kevin Marshall 60 1 2 2
2 Kris Russell Mike Sauer 40 1 2 2
Last Minutes Offensive
Center Left Wing Right Wing Defense Defense
Martin Hanzal Evgeny Dadonov Wayne Simmonds Kris Russell Philip Larsen
Last Minutes Defensive
Center Left Wing Right Wing Defense Defense
Martin Hanzal Evgeny Dadonov Wayne Simmonds Kris Russell Kevin Marshall
Goaltenders
Starting : Al Montoya
Backup : Harru Sateri
Extra Forwards
Normal : Evgeny Grachev, Tim Kennedy, Martin Hanzal - PP : Tim Kennedy, Evgeny Grachev - PK : David Laliberté
Extra Defensemen
Normal : Mike Sauer, Brandon Burlon, Kris Russell - PP : Mike Sauer - PK : Philip Larsen, Brandon Burlon
Penalty Shots
Wayne Simmonds, Evgeny Dadonov, Martin Hanzal, Kyle Brodziak, David Moss
% Time on Ice - Gangsters
Lines # - Real PCT - Wanted PCT - Time Play
Normal Forward
1 - 32% - 40% - 15:26
2 - 25% - 30% - 11:48
3 - 24% - 20% - 11:37
4 - 19% - 10% - 8:56
Normal Defense
1 - 35% - 40% - 16:50
2 - 28% - 30% - 13:19
3 - 26% - 20% - 12:29
4 - 11% - 10% - 5:09
PP Forward
1 - 59% - 60% - 1:10
2 - 41% - 40% - 0:49
PP Defense
1 - 71% - 60% - 1:25
2 - 29% - 40% - 0:34
PK Forward
1 - 77% - 60% - 7:51
2 - 23% - 40% - 2:23
PK Defense
1 - 61% - 60% - 6:14
2 - 39% - 40% - 4:00
PK3 Forward
1 - 0% - 60%
2 - 0% - 40%
PK3 Defense
1 - 0% - 60%
2 - 0% - 40%
44 Forward
1 - 76% - 60% - 3:48
2 - 24% - 40% - 1:12
44 Defense
1 - 50% - 60% - 2:30
2 - 50% - 40% - 2:30
Last Minute Offensive - 0:00
Last Minute Defensive - 0:00
Total
Forward - 65:00
Defense - 65:00
|
% Time on Ice - Saguenéens
Lines # - Real PCT - Wanted PCT - Time Play
Normal Forward
1 - 35% - 40% - 16:37
2 - 26% - 30% - 12:16
3 - 24% - 20% - 11:26
4 - 16% - 10% - 7:28
Normal Defense
1 - 42% - 40% - 19:54
2 - 35% - 32% - 16:41
3 - 21% - 20% - 10:16
4 - 2% - 8% - 0:56
PP Forward
1 - 56% - 60% - 5:41
2 - 44% - 40% - 4:33
PP Defense
1 - 61% - 60% - 6:13
2 - 39% - 40% - 4:01
PK Forward
1 - 54% - 50% - 1:04
2 - 46% - 50% - 0:55
PK Defense
1 - 49% - 50% - 0:58
2 - 51% - 50% - 1:01
PK3 Forward
1 - 0% - 50%
2 - 0% - 50%
PK3 Defense
1 - 0% - 50%
2 - 0% - 50%
44 Forward
1 - 85% - 60% - 4:16
2 - 15% - 40% - 0:44
44 Defense
1 - 57% - 60% - 2:52
2 - 43% - 40% - 2:08
Last Minute Offensive - 0:00
Last Minute Defensive - 0:00
Total
Forward - 65:00
Defense - 65:00
|
Play by Play
1st period
0:01 of 1st period - Alexandre Bolduc wins face-off versus Martin Hanzal in neutral zone.
0:14 of 1st period - Slapshot by Derek Morris.
0:14 of 1st period - Stopped by David LeNeveu with a rebound.
0:16 of 1st period - Wrist shot by Wayne Simmonds.
0:16 of 1st period - Stopped by David LeNeveu with a rebound.
0:36 of 1st period - Wrist shot by Artem Anisimov.
0:36 of 1st period - Shot Blocked by Kevin Marshall.
1:12 of 1st period - Snap shot by Martin Hanzal.
1:12 of 1st period - Shot Misses the Net.
1:14 of 1st period - Slapshot by Philip Larsen.
1:14 of 1st period - Shot Blocked by Colten Teubert.
1:16 of 1st period - Wrist shot by Wayne Simmonds.
1:16 of 1st period - Stopped by David LeNeveu without a rebound.
1:17 of 1st period - Alexandre Bolduc wins face-off versus Martin Hanzal in Gangsters zone.
1:28 of 1st period - Snap shot by Ryan Keller.
1:28 of 1st period - Stopped by Al Montoya with a rebound.
1:51 of 1st period - Backhand shot by Ryan Jones.
1:51 of 1st period - Shot Blocked by Mike Sauer.
2:53 of 1st period - Off-side.
2:54 of 1st period - Alexandre Bolduc wins face-off versus Kyle Brodziak in neutral zone.
2:57 of 1st period - Snap shot by Chris Bourque.
2:57 of 1st period - Stopped by Al Montoya with a rebound.
2:59 of 1st period - Snap shot by Ryan Keller.
2:59 of 1st period - Stopped by Al Montoya with a rebound.
3:01 of 1st period - Slapshot by Colten Teubert.
3:01 of 1st period - Stopped by Al Montoya with a rebound.
3:19 of 1st period - Shaun Heska is hit by Martin Hanzal and loses puck.
3:50 of 1st period - Snap shot by Gustav Nyquist.
3:50 of 1st period - Shot Blocked by Kevin Marshall.
3:52 of 1st period - Slapshot by Colten Teubert.
3:52 of 1st period - Deflect By Derek Morris.
3:52 of 1st period - Stopped by Al Montoya with a rebound.
4:26 of 1st period - Snap shot by Evgeny Dadonov.
4:26 of 1st period - Shot Blocked by Ryan Keller.
4:28 of 1st period - Slapshot by Kris Russell.
4:28 of 1st period - Shot Blocked by Michael Sdao.
4:42 of 1st period - Matt Delahey is hit by Philip Larsen and loses puck.
5:09 of 1st period - Snap shot by Tim Kennedy.
5:09 of 1st period - Shot Misses the Net.
5:33 of 1st period - Wrist shot by Gustav Nyquist.
5:33 of 1st period - Stopped by Al Montoya with a rebound.
6:32 of 1st period - Kris Russell is hit by Nick Foligno and loses puck.
6:54 of 1st period - Evgeny Dadonov is hit by Alexandre Bolduc and loses puck.
7:23 of 1st period - Slapshot by Mikko Lehtonen.
7:23 of 1st period - Shot Blocked by Kris Russell.
8:20 of 1st period - Brandon Burlon is hit by Matt Delahey and loses puck.
8:38 of 1st period - Marcus Johansson is hit by Colten Teubert and loses puck.
8:45 of 1st period - Mike Sauer is hit by Mikko Lehtonen and loses puck.
9:09 of 1st period - Kris Russell is hit by Ville Koistinen.
9:13 of 1st period - Rhett Rakhshani is hit by Michael Sdao and loses puck.
9:18 of 1st period - Wrist shot by Maxime Sauvé.
9:18 of 1st period - Shot Misses the Net.
9:20 of 1st period - Backhand shot by Luke Gazdic.
9:20 of 1st period - Shot Blocked by Kris Russell.
9:22 of 1st period - Wrist shot by Mikko Lehtonen.
9:22 of 1st period - Stopped by Al Montoya with a rebound.
10:00 of 1st period - Wrist shot by Maxime Sauvé.
10:00 of 1st period - Deflect By Mikko Lehtonen.
10:00 of 1st period - Shot Misses the Net.
10:00 of 1st period - Puck is out of play.
10:01 of 1st period - Alexandre Bolduc wins face-off versus Martin Hanzal in Saguenéens zone.
10:12 of 1st period - Michael Sdao is hit by Wayne Simmonds and loses puck.
10:47 of 1st period - Off-side.
10:48 of 1st period - Brock Bradford wins face-off versus Brian Flynn in neutral zone.
11:12 of 1st period - Gustav Nyquist is hit by Martin Hanzal and loses puck.
11:35 of 1st period - Snap shot by Marcus Johansson.
11:35 of 1st period - Shot Misses the Net.
11:37 of 1st period - Slapshot by Brandon Burlon.
11:37 of 1st period - Shot Blocked by Dave Dziurzynski.
11:39 of 1st period - Backhand shot by Mike Sauer.
11:39 of 1st period - Shot Blocked by Gustav Nyquist.
11:41 of 1st period - Snap shot by David Moss.
11:41 of 1st period - Shot Misses the Net.
12:15 of 1st period - Off-side.
12:16 of 1st period - Wayne Simmonds wins face-off versus Artem Anisimov in neutral zone.
12:21 of 1st period - Wrist shot by Martin Hanzal.
12:21 of 1st period - Stopped by David LeNeveu with a rebound.
12:41 of 1st period - Colten Teubert is hit by David Moss.
13:54 of 1st period - Slapshot by David Moss.
13:54 of 1st period - Shot Misses the Net.
14:21 of 1st period - Slapshot by Derek Morris.
14:21 of 1st period - Shot Misses the Net.
14:23 of 1st period - Snap shot by Derek Morris.
14:23 of 1st period - Stopped by David LeNeveu with a rebound.
15:07 of 1st period - Off-side.
15:08 of 1st period - Martin Hanzal wins face-off versus Artem Anisimov in neutral zone.
15:11 of 1st period - Wrist shot by Evgeny Dadonov.
15:11 of 1st period - Deflect By Wayne Simmonds.
15:11 of 1st period - Deflect By Artem Anisimov.
15:11 of 1st period - Shot Blocked by Colten Teubert.
15:11 of 1st period - Puck is out of play.
15:12 of 1st period - Artem Anisimov wins face-off versus Martin Hanzal in Gangsters zone.
15:19 of 1st period - Martin Hanzal is hit by Ryan Jones and loses puck.
15:26 of 1st period - Wrist shot by Ryan Jones.
15:26 of 1st period - Stopped by Al Montoya with a rebound.
15:28 of 1st period - Slapshot by Colten Teubert.
15:28 of 1st period - Stopped by Al Montoya without a rebound.
15:29 of 1st period - Kyle Brodziak wins face-off versus Ryan Keller in Saguenéens zone.
15:34 of 1st period - Wrist shot by Kyle Brodziak.
15:34 of 1st period - Stopped by David LeNeveu without a rebound.
15:35 of 1st period - Alexandre Bolduc wins face-off versus David Moss in Gangsters zone.
15:47 of 1st period - Off-side.
15:48 of 1st period - Martin Hanzal wins face-off versus Alexandre Bolduc in neutral zone.
15:54 of 1st period - Minor Penalty to Bryan Young for Charging.
15:55 of 1st period - Martin Hanzal wins face-off versus Ryan Keller in Gangsters zone.
15:55 of 1st period - Wrist shot by Evgeny Dadonov.
15:55 of 1st period - Stopped by David LeNeveu without a rebound.
15:56 of 1st period - Martin Hanzal wins face-off versus Chris Bourque in Gangsters zone.
15:57 of 1st period - Slapshot by Wayne Simmonds.
15:57 of 1st period - Shot Misses the Net.
16:01 of 1st period - Snap shot by Martin Hanzal.
16:01 of 1st period - Shot Misses the Net.
16:03 of 1st period - Slapshot by Kevin Marshall.
16:03 of 1st period - Shot Misses the Net.
16:05 of 1st period - Slapshot by Kevin Marshall.
16:05 of 1st period - Shot Misses the Net.
16:09 of 1st period - Slapshot by Martin Hanzal.
16:09 of 1st period - Stopped by David LeNeveu without a rebound.
16:10 of 1st period - Martin Hanzal wins face-off versus Chris Bourque in Gangsters zone.
16:11 of 1st period - Snap shot by Derek Morris.
16:11 of 1st period - Stopped by David LeNeveu without a rebound.
16:12 of 1st period - Martin Hanzal wins face-off versus Chris Bourque in Gangsters zone.
16:13 of 1st period - Backhand shot by Evgeny Dadonov.
16:13 of 1st period - Goal by Evgeny Dadonov - Gangsters : 0 - Saguenéens : 1.
16:14 of 1st period - Martin Hanzal wins face-off versus Alexandre Bolduc in neutral zone.
16:16 of 1st period - Derek Morris is hit by Alexandre Bolduc and loses puck.
16:39 of 1st period - Martin Hanzal is hit by Ville Koistinen and loses puck.
16:47 of 1st period - Off-side.
16:48 of 1st period - Kyle Brodziak wins face-off versus Alexandre Bolduc in neutral zone.
16:50 of 1st period - Off-side.
16:51 of 1st period - Alexandre Bolduc wins face-off versus Kyle Brodziak in neutral zone.
17:02 of 1st period - Marcus Johansson is hit by Colten Teubert and loses puck.
17:18 of 1st period - Snap shot by Chris Bourque.
17:18 of 1st period - Stopped by Al Montoya without a rebound.
17:19 of 1st period - Martin Hanzal wins face-off versus Artem Anisimov in Saguenéens zone.
17:47 of 1st period - Ryan Keller is hit by David Laliberté and loses puck.
18:13 of 1st period - Ryan Keller is hit by Eric Tangradi.
18:41 of 1st period - Wrist shot by Gustav Nyquist.
18:41 of 1st period - Stopped by Al Montoya without a rebound.
18:42 of 1st period - Artem Anisimov wins face-off versus Martin Hanzal in Saguenéens zone.
19:08 of 1st period - Kyle Brodziak is hit by Colten Teubert and loses puck.
19:15 of 1st period - Slapshot by Mike Sauer.
19:15 of 1st period - Stopped by David LeNeveu with a rebound.
19:38 of 1st period - Kevin Marshall is hit by Maxime Sauvé.
19:55 of 1st period - Minor Penalty to Ryan Jones for Tripping.
19:56 of 1st period - Chris Bourque wins face-off versus Martin Hanzal in Gangsters zone.
Goals for this period are 0 for Gangsters vs 1 for Saguenéens.
Shots for this period are 11 for Gangsters vs 11 for Saguenéens.
2nd period
0:01 of 2nd period - Chris Bourque wins face-off versus Martin Hanzal in neutral zone.
1:55 of 2nd period - Penalty to Ryan Jones is over, Ryan Jones is back on ice.
2:09 of 2nd period - Snap shot by Nick Foligno.
2:09 of 2nd period - Shot Blocked by Derek Morris.
2:37 of 2nd period - Brock Bradford is hit by Kevin Marshall and loses puck.
2:50 of 2nd period - Wrist shot by Brock Bradford.
2:50 of 2nd period - Shot Misses the Net.
3:18 of 2nd period - Snap shot by Gustav Nyquist.
3:18 of 2nd period - Shot Blocked by Tim Kennedy.
3:50 of 2nd period - Kevin Marshall is hit by Brett Ponich and loses puck.
4:04 of 2nd period - Icing by Kevin Marshall.
4:05 of 2nd period - Chris Bourque wins face-off versus David Laliberté in Saguenéens zone.
4:18 of 2nd period - Icing by Shaun Heska.
4:19 of 2nd period - Martin Hanzal wins face-off versus Alexandre Bolduc in Gangsters zone.
4:30 of 2nd period - Wrist shot by Evgeny Dadonov.
4:30 of 2nd period - Stopped by David LeNeveu without a rebound.
4:31 of 2nd period - Martin Hanzal wins face-off versus Alexandre Bolduc in Gangsters zone.
4:38 of 2nd period - Snap shot by Martin Hanzal.
4:38 of 2nd period - Shot Misses the Net.
5:19 of 2nd period - Philip Larsen is hit by Michael Sdao and loses puck.
5:26 of 2nd period - Slapshot by Rhett Rakhshani.
5:26 of 2nd period - Stopped by David LeNeveu with a rebound.
5:42 of 2nd period - Snap shot by David Moss.
5:42 of 2nd period - Stopped by David LeNeveu with a rebound.
5:45 of 2nd period - Icing by Matt Delahey.
5:46 of 2nd period - Kyle Brodziak wins face-off versus Maxime Sauvé in Gangsters zone.
6:36 of 2nd period - Slapshot by Eric Tangradi.
6:36 of 2nd period - Stopped by David LeNeveu with a rebound.
6:38 of 2nd period - Snap shot by Brandon Burlon.
6:38 of 2nd period - Stopped by David LeNeveu without a rebound.
6:39 of 2nd period - Kyle Brodziak wins face-off versus Ryan Keller in Gangsters zone.
6:42 of 2nd period - Snap shot by David Moss.
6:42 of 2nd period - Shot Misses the Net.
6:44 of 2nd period - Slapshot by Mike Sauer.
6:44 of 2nd period - Shot Blocked by Ville Koistinen.
6:46 of 2nd period - Slapshot by Mike Sauer.
6:46 of 2nd period - Shot Misses the Net.
6:48 of 2nd period - Slapshot by Brandon Burlon.
6:48 of 2nd period - Shot Blocked by Alexandre Bolduc.
6:50 of 2nd period - Snap shot by Kyle Brodziak.
6:50 of 2nd period - Stopped by David LeNeveu with a rebound.
7:41 of 2nd period - Slapshot by Gustav Nyquist.
7:41 of 2nd period - Shot Misses the Net.
7:53 of 2nd period - Snap shot by Kyle Brodziak.
7:53 of 2nd period - Shot Blocked by Colten Teubert.
7:55 of 2nd period - Wrist shot by David Moss.
7:55 of 2nd period - Stopped by David LeNeveu with a rebound.
7:57 of 2nd period - Slapshot by Kris Russell.
7:57 of 2nd period - Stopped by David LeNeveu without a rebound.
7:58 of 2nd period - Kyle Brodziak wins face-off versus Artem Anisimov in Gangsters zone.
8:10 of 2nd period - Minor Penalty to Nick Foligno for Boarding.
8:11 of 2nd period - Chris Bourque wins face-off versus Martin Hanzal in Gangsters zone.
8:26 of 2nd period - Snap shot by Martin Hanzal.
8:26 of 2nd period - Shot Blocked by Ville Koistinen.
10:10 of 2nd period - Penalty to Nick Foligno is over, Nick Foligno is back on ice.
10:25 of 2nd period - Snap shot by Ryan Jones.
10:25 of 2nd period - Stopped by Al Montoya with a rebound.
10:27 of 2nd period - Wrist shot by Ryan Jones.
10:27 of 2nd period - Stopped by Al Montoya with a rebound.
10:29 of 2nd period - Snap shot by Artem Anisimov.
10:29 of 2nd period - Shot Misses the Net.
10:49 of 2nd period - Snap shot by Kris Russell.
10:49 of 2nd period - Stopped by David LeNeveu without a rebound.
10:50 of 2nd period - Ryan Jones wins face-off versus Brian Flynn in Gangsters zone.
11:20 of 2nd period - Snap shot by Chris Bourque.
11:20 of 2nd period - Stopped by Al Montoya with a rebound.
11:22 of 2nd period - Slapshot by Chris Bourque.
11:22 of 2nd period - Stopped by Al Montoya without a rebound.
11:23 of 2nd period - Wayne Simmonds wins face-off versus Artem Anisimov in Saguenéens zone.
11:54 of 2nd period - Slapshot by Derek Morris.
11:54 of 2nd period - Shot Misses the Net.
11:56 of 2nd period - Snap shot by Marcus Johansson.
11:56 of 2nd period - Deflect By David Moss.
11:56 of 2nd period - Stopped by David LeNeveu without a rebound.
11:57 of 2nd period - Martin Hanzal wins face-off versus Alexandre Bolduc in Gangsters zone.
12:29 of 2nd period - Backhand shot by David Moss.
12:29 of 2nd period - Shot Misses the Net.
12:49 of 2nd period - Wrist shot by Tim Kennedy.
12:49 of 2nd period - Stopped by David LeNeveu with a rebound.
13:08 of 2nd period - Wrist shot by Ryan Keller.
13:08 of 2nd period - Stopped by Al Montoya with a rebound.
13:22 of 2nd period - Slapshot by Wayne Simmonds.
13:22 of 2nd period - Deflect By Evgeny Dadonov.
13:22 of 2nd period - Shot Misses the Net.
13:22 of 2nd period - Puck is out of play.
13:23 of 2nd period - Maxime Sauvé wins face-off versus Evgeny Dadonov in Gangsters zone.
13:35 of 2nd period - Wrist shot by Shaun Heska.
13:35 of 2nd period - Deflect By Martin Hanzal.
13:35 of 2nd period - Goal by Shaun Heska - Gangsters : 1 - Saguenéens : 1.
13:36 of 2nd period - Alexandre Bolduc wins face-off versus Martin Hanzal in neutral zone.
13:43 of 2nd period - Wrist shot by Chris Bourque.
13:43 of 2nd period - Stopped by Al Montoya without a rebound.
13:44 of 2nd period - Martin Hanzal wins face-off versus Alexandre Bolduc in Saguenéens zone.
13:55 of 2nd period - Wrist shot by Evgeny Dadonov.
13:55 of 2nd period - Stopped by David LeNeveu without a rebound.
13:56 of 2nd period - Martin Hanzal wins face-off versus Alexandre Bolduc in Gangsters zone.
14:07 of 2nd period - Slapshot by Martin Hanzal.
14:07 of 2nd period - Stopped by David LeNeveu without a rebound.
14:08 of 2nd period - Martin Hanzal wins face-off versus Alexandre Bolduc in Gangsters zone.
14:10 of 2nd period - Minor Penalty to Wayne Simmonds for Holding.
14:11 of 2nd period - Martin Hanzal wins face-off versus Alexandre Bolduc in Saguenéens zone.
14:20 of 2nd period - Slapshot by Martin Hanzal.
14:20 of 2nd period - Goal by Martin Hanzal - Gangsters : 1 - Saguenéens : 2.
14:21 of 2nd period - Alexandre Bolduc wins face-off versus Kyle Brodziak in neutral zone.
14:26 of 2nd period - Snap shot by Ville Koistinen.
14:26 of 2nd period - Stopped by Al Montoya with a rebound.
14:56 of 2nd period - Wrist shot by Nick Foligno.
14:56 of 2nd period - Stopped by Al Montoya with a rebound.
14:58 of 2nd period - Snap shot by Ville Koistinen.
14:58 of 2nd period - Shot Blocked by Kevin Marshall.
16:10 of 2nd period - Penalty to Wayne Simmonds is over, Wayne Simmonds is back on ice.
16:47 of 2nd period - Brandon Burlon is hit by Michael Sdao and loses puck.
17:07 of 2nd period - Icing by David Laliberté.
17:08 of 2nd period - Kyle Brodziak wins face-off versus Maxime Sauvé in Saguenéens zone.
17:08 of 2nd period - Kyle Brodziak is hit by Michael Sdao.
17:14 of 2nd period - Slapshot by Derek Morris.
17:14 of 2nd period - Stopped by David LeNeveu without a rebound.
17:15 of 2nd period - Alexandre Bolduc wins face-off versus Kyle Brodziak in Gangsters zone.
17:26 of 2nd period - Wrist shot by Ryan Keller.
17:26 of 2nd period - Stopped by Al Montoya with a rebound.
17:28 of 2nd period - Slapshot by Michael Sdao.
17:28 of 2nd period - Shot Misses the Net.
17:30 of 2nd period - Snap shot by Chris Bourque.
17:30 of 2nd period - Goal by Chris Bourque - Gangsters : 2 - Saguenéens : 2.
17:31 of 2nd period - Martin Hanzal wins face-off versus Alexandre Bolduc in neutral zone.
17:40 of 2nd period - Slapshot by Martin Hanzal.
17:40 of 2nd period - Stopped by David LeNeveu with a rebound.
17:42 of 2nd period - Wrist shot by Evgeny Dadonov.
17:42 of 2nd period - Stopped by David LeNeveu without a rebound.
17:43 of 2nd period - Alexandre Bolduc wins face-off versus Martin Hanzal in Gangsters zone.
17:43 of 2nd period - Alexandre Bolduc is hit by Martin Hanzal.
17:46 of 2nd period - Minor Penalty to Ryan Keller for Hooking.
17:47 of 2nd period - Chris Bourque wins face-off versus Martin Hanzal in Gangsters zone.
19:46 of 2nd period - Penalty to Ryan Keller is over, Ryan Keller is back on ice.
Goals for this period are 2 for Gangsters vs 1 for Saguenéens.
Shots for this period are 11 for Gangsters vs 17 for Saguenéens.
3rd period
0:01 of 3rd period - Martin Hanzal wins face-off versus Alexandre Bolduc in neutral zone.
0:05 of 3rd period - Icing by Ville Koistinen.
0:06 of 3rd period - Alexandre Bolduc wins face-off versus Martin Hanzal in Gangsters zone.
1:02 of 3rd period - Slapshot by Gustav Nyquist.
1:02 of 3rd period - Shot Blocked by Kris Russell.
1:14 of 3rd period - Maxime Sauvé is hit by Kris Russell and loses puck.
1:49 of 3rd period - Martin Hanzal is hit by Nick Foligno and loses puck.
2:04 of 3rd period - Wrist shot by David Moss.
2:04 of 3rd period - Shot Misses the Net.
2:06 of 3rd period - Slapshot by Brandon Burlon.
2:06 of 3rd period - Shot Misses the Net.
2:08 of 3rd period - Snap shot by Mike Sauer.
2:08 of 3rd period - Stopped by David LeNeveu without a rebound.
2:09 of 3rd period - Kyle Brodziak wins face-off versus Brock Bradford in Gangsters zone.
2:30 of 3rd period - Minor Penalty to Dave Dziurzynski for Interference.
2:31 of 3rd period - Ryan Keller wins face-off versus Martin Hanzal in Gangsters zone.
2:31 of 3rd period - Ryan Keller is hit by Evgeny Dadonov.
2:37 of 3rd period - Slapshot by Ryan Keller.
2:37 of 3rd period - Shot Misses the Net.
2:45 of 3rd period - Wrist shot by Chris Bourque.
2:45 of 3rd period - Shot Blocked by Evgeny Dadonov.
2:57 of 3rd period - Ville Koistinen is hit by Derek Morris and loses puck.
3:08 of 3rd period - Snap shot by Kyle Brodziak.
3:08 of 3rd period - Stopped by David LeNeveu with a rebound.
3:10 of 3rd period - Wrist shot by Kyle Brodziak.
3:10 of 3rd period - Shot Blocked by Bryan Young.
4:30 of 3rd period - Penalty to Dave Dziurzynski is over, Dave Dziurzynski is back on ice.
4:31 of 3rd period - Icing by Bryan Young.
4:32 of 3rd period - Chris Bourque wins face-off versus Kyle Brodziak in Gangsters zone.
4:32 of 3rd period - Chris Bourque is hit by Kyle Brodziak.
4:46 of 3rd period - Snap shot by Gustav Nyquist.
4:46 of 3rd period - Shot Blocked by Kris Russell.
4:48 of 3rd period - Snap shot by Brock Bradford.
4:48 of 3rd period - Stopped by Al Montoya without a rebound.
4:49 of 3rd period - Brock Bradford wins face-off versus Martin Hanzal in Saguenéens zone.
5:34 of 3rd period - Wrist shot by Gustav Nyquist.
5:34 of 3rd period - Stopped by Al Montoya with a rebound.
5:40 of 3rd period - Wrist shot by Gustav Nyquist.
5:40 of 3rd period - Shot Blocked by Derek Morris.
5:42 of 3rd period - Snap shot by Gustav Nyquist.
5:42 of 3rd period - Stopped by Al Montoya with a rebound.
5:44 of 3rd period - Snap shot by Dave Dziurzynski.
5:44 of 3rd period - Stopped by Al Montoya with a rebound.
5:46 of 3rd period - Wrist shot by Gustav Nyquist.
5:46 of 3rd period - Shot Blocked by Marcus Johansson.
5:48 of 3rd period - Slapshot by Michael Sdao.
5:48 of 3rd period - Stopped by Al Montoya with a rebound.
5:54 of 3rd period - Snap shot by Gustav Nyquist.
5:54 of 3rd period - Deflect By Dave Dziurzynski.
5:54 of 3rd period - Shot Misses the Net.
5:54 of 3rd period - Puck is out of play.
5:55 of 3rd period - Martin Hanzal wins face-off versus Alexandre Bolduc in Saguenéens zone.
6:04 of 3rd period - Slapshot by Evgeny Dadonov.
6:04 of 3rd period - Stopped by David LeNeveu with a rebound.
6:06 of 3rd period - Snap shot by Wayne Simmonds.
6:06 of 3rd period - Stopped by David LeNeveu with a rebound.
6:08 of 3rd period - Snap shot by Martin Hanzal.
6:08 of 3rd period - Shot Misses the Net.
6:27 of 3rd period - Slapshot by Ville Koistinen.
6:27 of 3rd period - Stopped by Al Montoya without a rebound.
6:28 of 3rd period - Artem Anisimov wins face-off versus Brian Flynn in Saguenéens zone.
6:41 of 3rd period - Snap shot by Ryan Jones.
6:41 of 3rd period - Stopped by Al Montoya without a rebound.
6:42 of 3rd period - Martin Hanzal wins face-off versus Alexandre Bolduc in Saguenéens zone.
6:54 of 3rd period - Off-side.
6:55 of 3rd period - Martin Hanzal wins face-off versus Alexandre Bolduc in neutral zone.
7:00 of 3rd period - Wrist shot by Evgeny Dadonov.
7:00 of 3rd period - Shot Blocked by Bryan Young.
7:02 of 3rd period - Wrist shot by Martin Hanzal.
7:02 of 3rd period - Stopped by David LeNeveu without a rebound.
7:03 of 3rd period - Martin Hanzal wins face-off versus Ryan Keller in Gangsters zone.
7:06 of 3rd period - Snap shot by Martin Hanzal.
7:06 of 3rd period - Stopped by David LeNeveu with a rebound.
7:08 of 3rd period - Slapshot by Kevin Marshall.
7:08 of 3rd period - Shot Blocked by Ryan Keller.
7:10 of 3rd period - Snap shot by Wayne Simmonds.
7:10 of 3rd period - Shot Misses the Net.
7:12 of 3rd period - Snap shot by Kevin Marshall.
7:12 of 3rd period - Shot Misses the Net.
7:14 of 3rd period - Slapshot by Wayne Simmonds.
7:14 of 3rd period - Goal by Wayne Simmonds - Gangsters : 2 - Saguenéens : 3.
7:15 of 3rd period - Martin Hanzal wins face-off versus Alexandre Bolduc in neutral zone.
7:25 of 3rd period - Derek Morris is hit by Ryan Keller and loses puck.
8:27 of 3rd period - Snap shot by Maxime Sauvé.
8:27 of 3rd period - Shot Blocked by Brian Flynn.
8:54 of 3rd period - Shaun Heska is hit by Martin Hanzal and loses puck.
9:29 of 3rd period - Wrist shot by Gustav Nyquist.
9:29 of 3rd period - Shot Misses the Net.
9:38 of 3rd period - Off-side.
9:39 of 3rd period - Kyle Brodziak wins face-off versus Alexandre Bolduc in neutral zone.
10:09 of 3rd period - Slapshot by Martin Hanzal.
10:09 of 3rd period - Deflect By Wayne Simmonds.
10:09 of 3rd period - Shot Misses the Net.
10:09 of 3rd period - Puck is out of play.
10:10 of 3rd period - Artem Anisimov wins face-off versus Martin Hanzal in Gangsters zone.
10:10 of 3rd period - Artem Anisimov is hit by Wayne Simmonds.
10:20 of 3rd period - Snap shot by Ryan Jones.
10:20 of 3rd period - Shot Misses the Net.
10:22 of 3rd period - Wrist shot by Ryan Jones.
10:22 of 3rd period - Stopped by Al Montoya without a rebound.
10:23 of 3rd period - Alexandre Bolduc wins face-off versus Martin Hanzal in Saguenéens zone.
10:26 of 3rd period - Snap shot by Ryan Keller.
10:26 of 3rd period - Stopped by Al Montoya without a rebound.
10:27 of 3rd period - Alexandre Bolduc wins face-off versus Martin Hanzal in Saguenéens zone.
10:58 of 3rd period - Slapshot by Nick Foligno.
10:58 of 3rd period - Stopped by Al Montoya with a rebound.
11:00 of 3rd period - Slapshot by Bryan Young.
11:00 of 3rd period - Shot Blocked by Marcus Johansson.
11:02 of 3rd period - Slapshot by Bryan Young.
11:02 of 3rd period - Stopped by Al Montoya without a rebound.
11:03 of 3rd period - Artem Anisimov wins face-off versus Martin Hanzal in Saguenéens zone.
11:04 of 3rd period - Snap shot by Ryan Jones.
11:04 of 3rd period - Stopped by Al Montoya with a rebound.
11:06 of 3rd period - Wrist shot by Artem Anisimov.
11:06 of 3rd period - Stopped by Al Montoya with a rebound.
11:08 of 3rd period - Snap shot by Ryan Jones.
11:08 of 3rd period - Stopped by Al Montoya with a rebound.
11:10 of 3rd period - Snap shot by Artem Anisimov.
11:10 of 3rd period - Goal by Artem Anisimov - Gangsters : 3 - Saguenéens : 3.
11:11 of 3rd period - Alexandre Bolduc wins face-off versus Martin Hanzal in neutral zone.
11:35 of 3rd period - Minor Penalty to Ryan Jones for Tripping.
11:36 of 3rd period - Chris Bourque wins face-off versus Wayne Simmonds in Gangsters zone.
12:02 of 3rd period - David Moss is hit by Ville Koistinen and loses puck.
12:27 of 3rd period - Ryan Keller is hit by Kyle Brodziak and loses puck.
12:43 of 3rd period - Icing by David Moss.
12:44 of 3rd period - Martin Hanzal wins face-off versus Nick Foligno in Saguenéens zone.
12:49 of 3rd period - Bryan Young is hit by Martin Hanzal and loses puck.
13:00 of 3rd period - Snap shot by Martin Hanzal.
13:00 of 3rd period - Deflect By Evgeny Dadonov.
13:00 of 3rd period - Stopped by David LeNeveu with a rebound.
13:35 of 3rd period - Penalty to Ryan Jones is over, Ryan Jones is back on ice.
15:22 of 3rd period - Kyle Brodziak is hit by Mikko Lehtonen.
16:03 of 3rd period - Snap shot by Maxime Sauvé.
16:03 of 3rd period - Shot Blocked by Derek Morris.
16:46 of 3rd period - Snap shot by Brock Bradford.
16:46 of 3rd period - Deflect By Rhett Rakhshani.
16:46 of 3rd period - Shot Misses the Net.
16:46 of 3rd period - Puck is out of play.
16:47 of 3rd period - Evgeny Grachev wins face-off versus Dave Dziurzynski in Saguenéens zone.
18:00 of 3rd period - Slapshot by Brian Flynn.
18:00 of 3rd period - Shot Misses the Net.
18:06 of 3rd period - David Laliberté is hit by Artem Anisimov and loses puck.
18:40 of 3rd period - Off-side.
18:41 of 3rd period - Alexandre Bolduc wins face-off versus Kyle Brodziak in neutral zone.
19:29 of 3rd period - Brock Bradford is hit by Evgeny Grachev and loses puck.
Goals for this period are 1 for Gangsters vs 1 for Saguenéens.
Shots for this period are 15 for Gangsters vs 8 for Saguenéens.
Overtime #1
0:01 of 1st overtime period - Wayne Simmonds wins face-off versus Chris Bourque in neutral zone.
1:32 of 1st overtime period - Mike Sauer is hit by Mikko Lehtonen and loses puck.
1:53 of 1st overtime period - Slapshot by Brock Bradford.
1:53 of 1st overtime period - Stopped by Al Montoya with a rebound.
1:55 of 1st overtime period - Slapshot by Shaun Heska.
1:55 of 1st overtime period - Shot Misses the Net.
4:21 of 1st overtime period - Kris Russell is hit by Michael Sdao and loses puck.
Goals for this period are 0 for Gangsters vs 0 for Saguenéens.
Shots for this period are 1 for Gangsters vs 0 for Saguenéens.
ShootOut
5:00 of 1st overtime period - Penalty Shot by Chris Bourque for Gangsters.
5:00 of 1st overtime period - Snap shot by Chris Bourque.
5:00 of 1st overtime period - Stopped by Al Montoya.
5:00 of 1st overtime period - Penalty Shot by Wayne Simmonds for Saguenéens.
5:00 of 1st overtime period - Snap shot by Wayne Simmonds.
5:00 of 1st overtime period - Stopped by David LeNeveu.
5:00 of 1st overtime period - Penalty Shot by Ryan Keller for Gangsters.
5:00 of 1st overtime period - Wrist shot by Ryan Keller.
5:00 of 1st overtime period - Goal by Ryan Keller.
5:00 of 1st overtime period - Penalty Shot by Evgeny Dadonov for Saguenéens.
5:00 of 1st overtime period - Deke by Evgeny Dadonov.
5:00 of 1st overtime period - Goal by Evgeny Dadonov.
5:00 of 1st overtime period - Penalty Shot by Nick Foligno for Gangsters.
5:00 of 1st overtime period - Deke by Nick Foligno.
5:00 of 1st overtime period - Stopped by Al Montoya.
5:00 of 1st overtime period - Penalty Shot by Martin Hanzal for Saguenéens.
5:00 of 1st overtime period - Wrist shot by Martin Hanzal.
5:00 of 1st overtime period - Stopped by David LeNeveu.
5:00 of 1st overtime period - Penalty Shot by Alexandre Bolduc for Gangsters.
5:00 of 1st overtime period - Deke by Alexandre Bolduc.
5:00 of 1st overtime period - Goal by Alexandre Bolduc.
5:00 of 1st overtime period - Penalty Shot by Kyle Brodziak for Saguenéens.
5:00 of 1st overtime period - Deke by Kyle Brodziak.
5:00 of 1st overtime period - Stopped by David LeNeveu.
Output by the SimonT Hockey Simulator (STHS) for François Prévost -- Original Page W3C XHTML 1.0 Valid